 Dungeon Crawl Stone Soup version 0.31.0 (webtiles) character file.

Game seed: 16026200609037539125

40726 groovy9 the Severer (level 14, -10/141 HPs)
             Began as a Gargoyle Berserker on Jan 20, 2024.
             Was an Elder of Trog.
             Mangled by a death yak (20 damage)
             ... on level 5 of the Lair of Beasts.
             The game lasted 00:51:20 (17404 turns).

groovy9 the Severer (Gargoyle Berserker)           Turns: 17404, Time: 00:51:21

Health: -10/141    AC: 27    Str: 25    XL:     14   Next: 12%
Magic:  14/14      EV:  2    Int: 12    God:    Trog [****..]
Gold:   1416       SH:  0    Dex:  9    Spells: 13/13 levels left

rFire   . . .        B - +1 battleaxe
rCold   . . .        (shield currently unavailable)
rNeg    + . .        N - melded +0 ice dragon scales
rPois   ∞            A - melded +1 helmet of the Sky {rF+ rN+ Slay+2}
rElec   .            n - melded +1 cloak
rCorr   +            v - melded +0 pair of gloves
SInv    +            h - melded +0 pair of boots
Will    ++++.        u - amulet of faith Stlth
                     s - ring of the Queen {Will+ rCorr Int+3 Stlth-}
HPRegen 1.43/turn    E - ring of see invisible
MPRegen 0.14/turn

%: faith
@: tree-form, strong-willed, on berserk cooldown, regenerating, slowed, very
slow
A: stationary, stasis, torment immunity, boosted hp, sickness immunity, AC +10,
(big wings), negative energy resistance 1, (electricity resistance), torment
resistance 1, petrification resistance
a: Renounce Religion, Berserk, Trog's Hand, Brothers in Arms


You were on level 5 of the Lair of Beasts.
You worshipped Trog.
Trog was greatly pleased with you.
You were a tree.
You visited 3 branches of the dungeon, and saw 17 of its levels.

You collected 1416 gold pieces.

Inventory:

Hand Weapons
 x - a +4 flail
 B - a +1 battleaxe (weapon)
Armour
 h - a +0 pair of boots (melded)
 n - a +1 cloak (melded)
 t - a +2 ring mail of fire resistance
 v - a +0 pair of gloves (melded)
 A - the +1 helmet of the Sky (melded) {rF+ rN+ Slay+2}
   (You acquired it on level 7 of the Dungeon)

   Slay+2:    It affects your accuracy & damage with ranged weapons and melee
   (+2).
   rF+:       It protects you from fire.
   rN+:       It protects you from negative energy.
 N - +0 ice dragon scales (melded)
Jewellery
 f - a +6 ring of dexterity
 s - the ring of the Queen (left branch) {Will+ rCorr Int+3 Stlth-}
   (You found it on level 4 of the Dungeon)

   [ring of resist corrosion]

   Int+3:     It affects your intelligence (+3).
   Will+:     It increases your willpower.
   rCorr:     It protects you from acid and corrosion.
   Stlth-:    It makes you less stealthy.
 u - an amulet of faith (around neck)
 E - a ring of see invisible (right branch)
 J - a +5 ring of evasion
Wands
 k - a wand of iceblast (9)
 p - a wand of flame (81)
 G - a wand of paralysis (22)
 I - a wand of acid (4)
 L - a wand of polymorph (2)
Scrolls
 e - 3 scrolls of poison
 g - 2 scrolls of immolation
 i - 4 scrolls of teleportation
 o - a scroll of silence
 q - a scroll of vulnerability
 y - 5 scrolls of enchant weapon
 C - 3 scrolls of enchant armour
 F - a scroll of revelation
 H - 6 scrolls of fog
 M - 4 scrolls of identify
Potions
 a - 3 potions of mutation
 b - 2 potions of might
 c - 2 potions of lignification
 d - 2 potions of resistance
 j - 2 potions of haste
 l - 3 potions of brilliance
 m - 7 potions of ambrosia
 r - a potion of attraction
 w - 4 potions of curing
 z - 3 potions of enlightenment
 D - a potion of berserk rage
 K - 3 potions of cancellation


   Skills:
 + Level 13.6 Fighting
 * Level 15.8 Axes
 + Level 13.4 Armour
 - Level 1.5 Dodging


You had 13 spell levels left.
You didn't know any spells.
Your spell library was empty.

Dungeon Overview and Level Annotations

Branches:
Dungeon (11/15)            Temple (1/1) D:7            Lair (5/5) D:11
  Swamp (0/4) Lair:2        Snake (0/4) Lair:2        Slime (0/5) Lair:5
    Orc: D:9-12

Altars:
Ashenzari
Cheibriados
Dithmenos
Elyvilon
Fedhas
Gozag
Hepliaklqana
Kikubaaqudgha
Makhleb
Nemelex Xobeh
Okawaru
Qazlal
Ru
Sif Muna
Trog
Uskayaw
Vehumet
Wu Jian
Xom
Yredelemnul
Zin
The Shining One
Jiyva

Shops:
D:2 (   D:7 [

Annotations:
D:10 2 transporters
Lair:2 1 runed translucent door, osinmv's ghost, journeyman MiMo


Innate Abilities, Weirdness & Mutations

You are a tree.
Your roots penetrate the ground, keeping you stationary.
You cannot be teleported.
You are immune to unholy pain and torment.
Your maximum health is greatly increased.
Your equipment is partially melded.
You are immune to sickness and miasma.
((Your stone body is resilient. (AC +10)))
You are immune to poison.
((Your large and strong wings let you fly.))
You resist negative energy. (rN+)
((You are resistant to electric shocks. (rElec)))
You are resistant to unholy torment.
You are immune to petrification.


Message History

The death yak is almost dead.
You slice the death yak!! The death yak barely misses you. x2
You hit the death yak but do no damage.
The death yak is almost dead.
You barely miss the death yak.
The death yak gores you but does no damage. x2
You hit the death yak but do no damage.
The death yak is severely wounded.
You hit the death yak but do no damage. The death yak gores you.
The death yak barely misses you.
The death yak gores you but does no damage.
The death yak gores you!!
You hit the death yak.
The death yak is severely wounded.
You barely miss the death yak. The death yak gores you!
The death yak gores you but does no damage.
You barely miss the death yak.
The death yak is almost dead.
You slash the death yak!
The death yak gores you but does no damage. x2
The death yak gores you!!
* * * LOW HITPOINT WARNING * * *
The death yak gores you but does no damage.
You turn into a tree.
Your +1 cloak melds into your body.
The +1 helmet of the Sky {rF+ rN+ Slay+2} melds into your body.
Your +0 pair of gloves melds into your body.
Your +0 pair of boots melds into your body.
Your +0 ice dragon scales melds into your body.
Your roots penetrate the ground.
Splash!
You fall into the shallow water.
Moving in this stuff is going to be slow.
The death yak gores you!
* * * LOW HITPOINT WARNING * * *
The death yak gores you but does no damage.
Okay, then.
You feel better. The death yak gores you!!
* * * LOW HITPOINT WARNING * * *
The death yak gores you!!
You die...

...........................#.
.............................
~.~~~~~~Y.~~~~~..†~..~.~...##
#~~#~~~Y#~~##~~##~~##....##
#~~~~#~~P~~~##~~##P~~#....##
~~~~~~~~~.~#~~~P~~~~~~~~.....
~~~~.~P~.~.~.~.PP~~P~~~~.....
#####~##~#†#########~#~~.....
#⌠~~..~Y♣.⌠# ~#~##~.....
~~~~~~..#Y~~# ~~.~~~.....
.~#~~~~~~~~~~# ~~~~~~..P.#
#~#~..#####8~# ~~~~~....##
~~~.# #†~# ~#~#~~...## ~~~.
#†~# .~~P~...### ~P~ #~~#
~~~~~~...#. #~†# ~#~##....†#
#~.######8~# ~ #...P..


You could see 2 death yaks.

Vanquished Creatures
  Gastronok (D:9)
  An ice dragon (Lair:2)
  3 hydras (Lair:2)
  A merfolk avatar (Lair:5)
  Erica (D:10)
  A boulder beetle (D:11)
  12 death yaks
  A two-headed ogre (D:11)
  A lindwurm (Lair:5)
  2 manticores (Lair:5)
  4 black mambas
  An elephant (Lair:5)
  7 cane toads
  5 rime drakes
  A kobold demonologist (D:11)
  6 komodo dragons
  2 trolls (D:11)
  A queen bee (Lair:1)
  2 polar bears (Lair:5)
  5 hornets
  A snapping turtle (Lair:5)
  16 blink frogs
  Grinder (D:4)
  A wraith (D:10)
  4 slime creatures (D:10)
  2 shadows (D:9)
  A vampire (D:10)
  2 wyverns
  28 yaks
  4 vampire mosquitoes (D:10)
  3 nagas (Lair:2)
  8 water moccasins
  2 sky beasts (D:8)
  2 ice beasts (D:6)
  3 orc warriors
  4 black bears
  6 centaurs
  5 ogres
  5 wolves (Lair:1)
  A phantom (D:6)
  7 bullfrogs
  3 kobold brigands
  2 scorpions
  A gnoll sergeant (D:9)
  12 wights
  38 killer bees
  7 howler monkeys
  An electric eel (Lair:2)
  7 hounds
  9 jellies
  2 gnoll boudas
  5 orc priests
  2 sleepcaps (D:5)
  5 iguanas
  9 orc wizards
  6 hell rats (Lair:3)
  12 gnolls
  9 adders
  4 shadow imps
  A white imp (D:5)
  4 ufetubi
  4 ribbon worms
  9 dart slugs
  40 orcs
  9 ball pythons
  4 bats
  8 endoplasms
  3 giant cockroaches
  6 goblins
  9 hobgoblins
  7 jackals
  17 kobolds
  4 quokkas
  3 frilled lizards
  7 rats
  A spectral goblin (D:6)
434 creatures vanquished.

Vanquished Creatures (others)
  A butterfly (D:9)
1 creature vanquished.

Grand Total: 435 creatures vanquished

Notes
Turn   | Place    | Note
-------+----------+-------------------------------------------
     0 | D:1      | groovy9 the Gargoyle Berserker began the quest for the Orb.
     0 | D:1      | Reached XP level 1. HP: 14/14 MP: 1/1
   444 | D:1      | Reached skill level 3 in Axes
   444 | D:1      | Reached XP level 2. HP: 19/19 MP: 2/2
   574 | D:1      | Reached XP level 3. HP: 21/23 MP: 3/3
  1270 | D:2      | Reached XP level 4. HP: 29/29 MP: 4/4
  1280 | D:2      | Reached ** piety under Trog
  1302 | D:2      | Found a glowing silver altar of Zin.
  1396 | D:2      | Found Fuush's Antique Weapon Boutique.
  1988 | D:3      | Found a bloodstained altar of Trog.
  1990 | D:3      | Found a snail-covered altar of Cheibriados.
  2021 | D:3      | Reached skill level 4 in Axes
  2021 | D:3      | Reached XP level 5. HP: 29/33 MP: 5/5
  2372 | D:3      | Found an opulent altar of Gozag.
  2475 | D:4      | Identified the ring of the Queen {Will+ rCorr Int+3 Stlth-}
  2596 | D:4      | Noticed Grinder
  2606 | D:4      | Killed Grinder
  2607 | D:4      | Reached skill level 5 in Axes
  2607 | D:4      | Reached XP level 6. HP: 40/40 MP: 6/6
  2688 | D:4      | Noticed a black bear
  2692 | D:4      | Killed a black bear
  2693 | D:4      | Reached skill level 5 in Fighting
  2693 | D:4      | Reached XP level 7. HP: 44/44 MP: 7/7
  2968 | D:4      | Reached skill level 6 in Axes
  3031 | D:4      | Reached skill level 5 in Armour
  3361 | D:5      | Entered Level 5 of the Dungeon
  3641 | D:5      | Reached XP level 8. HP: 51/51 MP: 8/8
  4015 | D:5      | Found a sparkling altar of Nemelex Xobeh.
  4140 | D:5      | Identified the +0 ring mail "Oposk" {^Drain Will+ rCorr
                  | Int+5}
  4268 | D:5      | Reached skill level 7 in Axes
  4567 | D:5      | Found a hide-covered altar of Uskayaw.
  5229 | D:6      | Found a hazy altar of Hepliaklqana.
  5273 | D:6      | Reached XP level 9. HP: 56/56 MP: 9/9
  5387 | D:6      | Reached skill level 8 in Axes
  5799 | D:6      | Found a stormy altar of Qazlal.
  5833 | D:6      | Found an ornate altar of the Wu Jian Council.
  5878 | D:6      | Reached *** piety under Trog
  5910 | D:6      | Found a shimmering altar of Xom.
  6363 | D:6      | Found a shimmering blue altar of Sif Muna.
  6753 | D:7      | Found a staircase to the Ecumenical Temple.
  6796 | Temple   | Entered the Ecumenical Temple
  6806 | D:7      | Found Puepn's Antique Armour Emporium.
  6833 | D:7      | Reached skill level 9 in Axes
  6914 | D:7      | Noticed a hornet
  6924 | D:7      | Killed a hornet
  6929 | D:7      | Reached XP level 10. HP: 64/64 MP: 10/10
  7153 | D:7      | Identified a scroll of acquirement
  7153 | D:7      | Acquired the +1 helmet of the Sky {rF+ rN+ Slay+2}
  7196 | D:7      | Found a blossoming altar of Fedhas.
  7211 | D:7      | Found a burning altar of Makhleb.
  7560 | D:8      | Found a broken altar of Ashenzari.
  7877 | D:8      | Reached skill level 10 in Axes
  8381 | D:9      | Reached **** piety under Trog
  8448 | D:9      | Noticed Gastronok
  8472 | D:9      | Killed Gastronok
  8476 | D:9      | Reached skill level 11 in Axes
  8549 | D:9      | Reached XP level 11. HP: 56/72 MP: 11/11
  8782 | D:9      | Identified the +0 plate armour "Xithonomn" {^Contam rElec
                  | MP+9 Int+2}
  8916 | D:9      | Found a white marble altar of Elyvilon.
  9046 | D:10     | Entered Level 10 of the Dungeon
  9051 | D:10     | Reached skill level 10 in Fighting
  9068 | D:10     | Noticed Erica
  9083 | D:10     | Killed Erica
  9311 | D:10     | Found a transporter.
  9313 | D:10     | Noticed a skeletal warrior
  9313 | D:10     | Noticed a boulder beetle
  9314 | D:10     | Noticed an orc knight
  9316 | D:10     | Noticed a white ugly thing
  9317 | D:10     | Noticed a manticore
  9317 | D:10     | Noticed a stone giant
  9327 | D:10     | Found a transporter.
  9598 | D:10     | Found a radiant altar of Vehumet.
  9630 | D:10     | Reached skill level 10 in Armour
  9712 | D:10     | Reached skill level 12 in Axes
  9877 | D:10     | Found a sacrificial altar of Ru.
 10266 | D:11     | Noticed a two-headed ogre
 10276 | D:11     | Killed a two-headed ogre
 10365 | D:11     | Found a staircase to the Lair.
 10366 | D:11     | Noticed a death yak
 10367 | D:11     | Noticed a death yak
 10367 | D:11     | Noticed a death yak
 10391 | D:11     | Killed a death yak
 10395 | D:11     | Killed a death yak
 10399 | D:11     | Reached XP level 12. HP: 79/79 MP: 12/12
 10487 | D:11     | Killed a death yak
 10513 | D:11     | Noticed a boulder beetle
 10534 | D:11     | Killed a boulder beetle
 10944 | Lair:1   | Entered Level 1 of the Lair of Beasts
 10981 | Lair:1   | Reached skill level 13 in Axes
 12110 | Lair:2   | Found a runed translucent door.
 12110 | Lair:2   | Noticed osinmv's ghost (journeyman MiMo)
 12157 | Lair:2   | Noticed a seven-headed hydra
 12176 | Lair:2   | Killed a seven-headed hydra
 12287 | Lair:2   | Noticed a seven-headed hydra
 12295 | Lair:2   | Killed a seven-headed hydra
 12353 | Lair:2   | Noticed a death yak
 12353 | Lair:2   | Noticed a death yak
 12353 | Lair:2   | Noticed a death yak
 12354 | Lair:2   | Noticed a death yak
 12361 | Lair:2   | Noticed a death yak
 12362 | Lair:2   | Noticed a death yak
 12372 | Lair:2   | Killed a death yak
 12381 | Lair:2   | Killed a death yak
 12388 | Lair:2   | Killed a death yak
 12389 | Lair:2   | Reached skill level 14 in Axes
 12397 | Lair:2   | Killed a death yak
 12408 | Lair:2   | Killed a death yak
 12409 | Lair:2   | Reached XP level 13. HP: 13/86 MP: 13/13
 12865 | Lair:2   | Found a staircase to the Swamp.
 13573 | Lair:2   | Found a staircase to the Snake Pit.
 13869 | Lair:2   | Noticed an ice dragon
 13902 | Lair:2   | Killed an ice dragon
 15694 | Lair:4   | Reached skill level 15 in Axes
 15948 | Lair:4   | Identified the +0 scale mail "Quwkowki" {rCorr}
 16756 | Lair:5   | Entered Level 5 of the Lair of Beasts
 16893 | Lair:5   | Found a viscous altar of Jiyva.
 16969 | Lair:5   | Found a staircase to the Slime Pits.
 17319 | Lair:5   | Gained mutation: Your large and strong wings let you fly.
                  | [Gargoyle growth]
 17319 | Lair:5   | Reached XP level 14. HP: 90/94 MP: 14/14
 17404 | Lair:5   | Mangled by a death yak

Illustrated notes

Levels and vault maps discovered:
D:1:      dpeg_arrival_three_same_balls, layout_basic
D:2:      layout_basic, basic_altar, serial_shops, shop
D:3:      layout_rooms, mainiacjoe_overflow_surrounded_room,
          mainiacjoe_overflow_catwalk_spiral
D:4:      minmay_polygon_palace, layout_cave_pools, uniq_grinder
D:5:      minmay_opposing_rooms, layout_basic, nemelex_dance_club_becter,
          mainiacjoe_overflow_small_starburst, serial_library_hellmonk_room_c,
          grunt_decor_cap
D:6:      layout_basic, nicolae_hepliaklqana_monster_ancestors,
          nicolae_qazlal_general_emergency, nicolae_wu_jian_immortal_techniques,
          dk_xom_monty_hall, nicolae_sif_muna_little_library,
          kennysheep_generic_room_5
D:7:      layout_basic, mainiacjoe_overflow_six_doors_small,
          makhleb_altar_promises_db, minmay_temple_entry_crystal_x,
          serial_shops, shop
D:8:      minmay_spotlight, layout_basic, lemuel_round_altar
D:9:      layout_rooms, nicolae_elyvilon_peaceful_grove,
          chequers_serial_rivers_micro_a, uniq_gastronok
D:10:     gammafunk_sealed_arena, layout_long_grid, hangedman_ru_absence,
          nicolae_overflow_hidden_temple, special_room [special_room_orc],
          minmay_misc_feat_tower, uniq_erica
D:11:     layout_loops_cross, dpeg_lair_monsters, columned_hall_lemuel
Temple:   hellmonk_temple_rainy
Lair:1:   layout_roguey [special_room_bee], beast_lair_carwin_2
Lair:2:   dragon1_lemuel, layout_gridlike, minmay_swamp_entry_reptiles,
          nicolae_snake_entry_squirm, hellmonk_ghost_happy_afterlife,
          serial_bayou, serial_bayou_lake_a, serial_bayou_lagoon_b,
          serial_bayou_pond_c, serial_bayou_lagoon_a, serial_bayou_pond_a
Lair:3:   layout_cave_pods, infiniplex_staircase_pool
Lair:4:   layout_long_grid, infiniplex_staircase_pool_2
Lair:5:   gammafunk_lair_ancient_temple, layout_regular_city,
          nicolae_slime_entry_field_trip

Skill      XL: |  1  2  3  4  5  6  7  8  9 10 11 12 13 |
---------------+----------------------------------------+-----
Axes           | 3 4 5 6 7 9 11 12 14 15 | 15.8
Armour         | 3 4 5 6 7 9 10 12 13 | 13.4
Fighting       | 4 5 6 8 9 10 12 13 | 13.6
Dodging        | |  1.5

Action                     |  1- 3 |  4- 6 |  7- 9 | 10-12 | 13-15 || total
---------------------------+-------+-------+-------+-------+-------++-------
  Melee: Hand axe          |    81 |   143 |   493 |    39 |       ||   756
         Punch             |       |       |     4 |       |       ||     4
         Battleaxe         |       |       |       |   601 |   390 ||   991
         Flail             |       |       |       |    16 |     6 ||    22
 Invoke: Berserk           |     2 |     4 |    15 |    16 |    10 ||    47
         Trog's Hand       |       |     3 |     6 |    11 |    11 ||    31
         Brothers in Arms  |       |       |       |       |     1 ||     1
    Use: Scroll            |       |       |    21 |     7 |     2 ||    30
         Potion            |       |       |     1 |     4 |     3 ||     8
   Stab: Sleeping          |     1 |       |       |       |       ||     1
         Distracted        |       |       |     1 |       |       ||     1
 Armour: Animal skin       |    27 |       |       |       |       ||    27
         Leather armour    |    19 |     2 |       |       |       ||    21
         Scale mail        |       |    98 |    63 |       |       ||   161
         Ring mail         |       |       |   282 |   658 |    80 ||  1020
         Ice dragon scales |       |       |       |       |   288 ||   288
         Skin              |       |       |       |       |     4 ||     4
  Dodge: Dodged            |    56 |    93 |   260 |   444 |   196 ||  1049
